Map: Port Aleksander LE

Players

Piroxiljin - Winner!

  • Race: Terran Terran
  • Spawn Location: 5:00

VOD

Have the link to the VOD?

Description

Time

  • Played on: Jan. 13, 2019, 5:43 a.m.
  • Length: 37:48
Show
View Real Time Build Order
Export as new Build Order

Piroxiljin Terran - Winner!

Build Orders:  

Get SALT Encoding   

  12  0:02  SCV  
  13  0:43  SCV, Supply Depot  
  14  0:59  Refinery  
  14  1:04  SCV  
  15  1:30  SCV  
  16  1:45  Barracks  
  16  1:48  SCV  
  17  2:05  SCV  
  18  2:26  SCV  
  19  2:53  SCV  
  20  3:13  Factory  
  20  3:15  Orbital Command  
  20  3:25  Refinery  
  19  4:10  SCV  
  19  4:18  Barracks Tech Lab  
  20  4:35  Factory  
  20  4:36  Factory Tech Lab  
  20  4:52  Supply Depot  
  20  4:55  Supply Depot  
  20  4:57  SCV  
  21  5:09  Concussive Shells  
  21  5:12  Marauder  
  23  5:27  Siege Tank  
  26  5:32  SCV  
  26  5:37  Factory Tech Lab  
  27  6:23  Siege Tank  
  30  6:53  Command Center  
  30  7:04  Siege Tank  
  30  7:07  Marine  
  34  7:12  SCV  
  35  7:32  Supply Depot, Marine  
  35  7:33  Supply Depot  
  35  7:36  Supply Depot  
  36  7:49  Barracks  
  36  7:56  Marine  
  37  8:01  Siege Tank  
  37  8:02  Siege Tank  
  37  8:06  Supply Depot  
  37  8:21  Marine  
  36  8:40  Siege Tank  
  36  8:41  Siege Tank  
  36  8:46  Marine  
  43  9:13  SCV  
  44  9:24  SCV  
  45  9:33  Marine  
  46  9:42  Siege Tank  
  46  9:43  Siege Tank  
  52  9:58  Marauder  
  52  9:59  SCV  
  55  10:16  SCV  
  56  10:22  Marine  
  56  10:27  Cyclone  
  56  10:28  Marauder  
  62  10:48  Siege Tank x3  
  62  10:56  Siege Tank x2  
  62  10:57  Siege Tank x2  
  64  11:12  SCV, Reaper x2  
  64  11:19  SCV  
  66  11:27  Refinery  
  66  11:30  Refinery  
  66  11:36  SCV  
  67  11:56  Reaper  
  67  11:57  Reaper  
  69  12:01  Cyclone  
  69  12:02  Cyclone  
  75  12:37  Marine  
  77  12:41  Reaper  
  77  13:02  Marine  
  77  13:06  Siege Tank  
  77  13:07  Siege Tank  
  84  13:27  Marine  
  53  13:51  Cyclone  
  53  13:52  Marine  
  57  14:09  SCV  
  58  14:11  Marine  
  58  14:17  Marauder  
  61  14:26  SCV  
  62  14:33  Orbital Command  
  62  14:36  Cyclone, Marine  
  66  14:47  Marauder  
  67  15:01  Marine  
  68  15:16  Marine  
  69  15:21  Cyclone  
  72  15:46  Marine  
  73  15:53  Cyclone  
  76  16:03  Engineering Bay  
  76  16:06  Cyclone  
  79  16:11  Marine  
  79  16:19  Starport  
  80  16:23  Supply Depot  
  80  16:28  Supply Depot  
  80  16:36  Marine  
  80  16:38  Siege Tank  
  84  16:53  Siege Tank  
  84  16:55  Supply Depot  
  87  17:01  Marauder, Supply Depot  
  89  17:16  SCV  
  90  17:28  Supply Depot  
  90  17:31  Marauder  
  90  17:33  SCV  
  90  17:34  Supply Depot  
  93  17:43  Unknown  
  93  17:44  Unknown  
  89  17:50  SCV  
  90  18:03  Marine  
  90  18:08  SCV  
  92  18:15  SCV  
  93  18:25  SCV  
  93  18:28  Marine  
  95  18:32  SCV  
  96  18:42  SCV  
  96  18:49  SCV  
  98  18:53  Marauder  
  98  18:58  Siege Tank x2  
  106  19:07  Starport Tech Lab  
  106  19:17  Fusion Core  
  106  19:23  Marauder  
  106  19:25  Terran Infantry Weapons Level 1  
  106  19:26  Armory  
  108  19:34  Raven  
  108  19:35  Siege Tank x4  
  110  19:43  Siege Tank x2  
  113  21:38  Cyclone x2  
  119  21:46  SCV  
  120  22:03  SCV, Refinery  
  120  22:04  Command Center  
  120  22:08  Refinery  
  135  22:20  SCV, Viking  
  121  22:23  Siege Tank x2  
  130  22:41  Factory  
  130  22:42  Marine  
  131  22:57  SCV  
  132  23:07  Marine  
  133  23:14  SCV  
  134  23:23  Supply Depot  
  134  23:24  Supply Depot  
  134  23:25  Supply Depot  
  134  23:44  Marine, Thor x2  
  147  23:53  Siege Tank x2  
  147  23:54  Siege Tank x6  
  147  23:59  Supply Depot  
  147  24:02  Supply Depot  
  147  24:05  Unknown  
  147  24:11  Planetary Fortress  
  129  24:33  Supply Depot  
  129  24:53  Marauder  
  131  25:11  Siege Tank x2  
  131  25:12  Siege Tank x2  
  137  25:23  Marauder  
  137  25:28  Supply Depot  
  139  25:33  Terran Infantry Armor Level 1  
  139  25:57  Cyclone x2  
  145  26:28  Siege Tank  
  145  26:29  Siege Tank x2  
  145  26:41  SCV  
  145  26:42  Siege Tank  
  149  26:50  Siege Tank x2  
  149  26:51  Siege Tank x2  
  149  26:56  SCV, Unknown  
  149  26:58  SCV  
  151  27:13  SCV  
  146  27:20  Siege Tank x3  
  146  27:21  Siege Tank x2  
  127  28:07  Siege Tank x2  
  127  28:08  Siege Tank x2  
  124  28:53  Siege Tank  
  115  30:03  Siege Tank x3  
  115  30:04  Siege Tank  
  115  30:20  Marine x2  
  115  30:24  Cyclone x2  
  122  30:45  Marauder  
  122  31:09  Siege Tank, Thor  
  131  31:15  Marauder  
  133  31:45  Marauder  
  133  31:54  Thor  
  133  31:57  Factory Tech Lab  
  139  32:09  Thor  
  131  32:54  Cyclone  
  131  32:57  Siege Tank  
  131  32:58  Siege Tank x4  
  134  33:09  Cyclone  
  137  33:39  Hellbat  
  139  33:54  Thor  
  145  34:09  Thor  
  151  34:54  Thor  
  134  35:27  Marauder, Marine  
  136  35:41  Viking  
  137  35:52  Marine  
  137  35:57  Marauder  
  140  36:23  Viking  
Tags
 
Add a new tag
Caveats
  • Supply blocks, unpowered buildings, or Contaminate may cause inaccurate times.
  • Supply counts are checked every 10 seconds.